 Dungeon Sprint DCSS version 0.30-a0-4-ga7cffc901d (webtiles) character file.

Game seed: 8989390622777995762

6418 mhtbhm the Imperceptible (level 10, -34/53 HPs)
             Began as a Spriggan Brigand on Aug 21, 2022.
             Was the Champion of Dithmenos.
             Annihilated by Donald
             ... wielding a +1 war axe of holy wrath
              (35 damage)
             ... in the Dungeon (Sprint III: "The Ten Rune Challenge").
             The game lasted 00:06:12 (2090 turns).

mhtbhm the Imperceptible (Spriggan Brigand)         Turns: 2090, Time: 00:06:13

Health: -34/53     AC:  4    Str:  7    XL:     10   Next: 66%
Magic:  15/19      EV: 19    Int: 14    God:    Dithmenos [******]
Gold:   2662       SH:  0    Dex: 20    Spells: 9/9 levels left

rFire   . . .      SeeInvis +    a - +2 dagger
rCold   . . .      Faith    .    (no shield)
rNeg    . . .      Spirit   .    b - +0 robe
rPois   .          Reflect  .    (helmet restricted)
rElec   .          Harm     .    c - +0 cloak
rCorr   .          Rampage  .    (gloves unavailable)
Will    +....      NoTele   +    (boots unavailable) Stlth ********++
                                 (no amulet)
HPRegen 0.17/turn                (no ring)
MPRegen 0.16/turn                (no ring)

@: mighty, wreathed by umbra, very quick
A: very small, no large weapons, unfitting armour, see invisible, speed 3,
antennae 1, talons 1, sense surroundings 1, shaggy fur 1
a: Renounce Religion, Shadow Step, Shadow Form


You were in the Dungeon.
You worshipped Dithmenos.
Dithmenos was exalted by your worship.
You visited 1 branch You collected 2662 gold pieces.

Inventory:

Hand Weapons
 a - a +2 dagger (weapon)
Missiles
 d - 6 poisoned darts (quivered)
Armour
 b - a +0 robe (worn)
 c - a +0 cloak (worn)
Scrolls
 k - a scroll of blinking
 l - a scroll of immolation
 m - 2 scrolls of identify
Potions
 i - 2 potions of magic
 j - 2 potions of berserk rage
 n - 3 potions of flight
 o - 4 potions of mutation
Miscellaneous
 q - a tin of tremorstones (inert)


   Skills:
 + Level 5.7 Fighting
 + Level 9.6 Short Blades
 + Level 10.7 Throwing
 + Level 3.7 Dodging
 + Level 26.5 Stealth
 * Level 10.7 Invocations
 + Level 3.4 Evocations


You had 9 spell levels left.
You didn't know any spells.
Your spell library contained the following spells:

 Spells                   Type           Power      Damage    Failure   Level
 Sublimation of Blood     Necr           0%         N/A       41%         2
 Wereblood                Tmut           0%         N/A       41%         2
 Summon Hydra             Summ           0%         N/A       100%        7


Dungeon Overview and Level Annotations

Branches:
Dungeon (1/1)

Altars:
Cheibriados
Dithmenos
Elyvilon
Fedhas
Gozag
Hepliaklqana
Kikubaaqudgha
Makhleb
Nemelex Xobeh
Okawaru
Qazlal
Ru
Sif Muna
Trog
Uskayaw
Vehumet
Wu Jian
Xom
Yredelemnul
Zin
The Shining One
Jiyva
Lugonu

Shops:
D [

Annotations:
D Donald, Frances


Innate Abilities, Weirdness & Mutations

You are very small and have problems with some larger weapons.
You are too small for most types of armour.
You have supernaturally acute eyesight. (SInv)
You cover ground extremely quickly. (Speed+++)
You have a pair of small antennae on your head.
You have sharp toenails.
You passively map a small area around you.
You are covered in fur. (AC +1)


Message History

Donald shouts!
Donald hits you with a +1 war axe of holy wrath!
* * * LOW HITPOINT WARNING * * *
Unknown command.
Press: ? - help, v - describe, . - travel
Here: Donald, wielding a +1 war axe of holy wrath, wearing a +0 scale mail and wearing a +2 kite shield of reflection (reflecting blocked projectiles, umbra)
The floor.
You hit Donald but do no damage. Donald blocks your attack.
You hit Donald.
Donald is lightly wounded.
Your shadow barely misses Donald.
Donald casts a spell.
Donald seems to grow stronger.
Donald blocks your attack.
Your kick misses Donald.
Donald is lightly wounded.
Your shadow hits Donald but does no damage.
Unknown command.
Donald blocks your attack.
You strike the helpless Donald from behind!
You perforate Donald like a sieve!!! Donald blocks your attack.
Donald is almost dead.
Your shadow hits Donald but does no damage.
Donald hits you with a +1 war axe of holy wrath.
* * * LOW HITPOINT WARNING * * *
Press: ? - help, v - describe, . - travel
Here: Donald, wielding a +1 war axe of holy wrath, wearing a +0 scale mail and wearing a +2 kite shield of reflection (almost dead, strong, reflecting blocked projectiles, umbra)
The floor, spattered with blood.
Unknown command.
You barely miss Donald. Donald blocks your attack.
Donald is almost dead.
Donald blocks your attack.
Donald is almost dead.
Donald mumbles some strange words.
Donald seems to speed up.
Donald blocks your attack.
Donald is almost dead.
Donald blocks your shadow's attack.
Donald hits you with a +1 war axe of holy wrath!!
Ouch! That really hurt!
You die...

#.#..#.##.###.#......#...~≈#
##.#.#.##.#).##^.^...#...~≈≈≈#*
...#..#..##.)'..^....#...~~~~#
,*
▓▓▓▓▓▓▓▓▓▓▓▓▓#^......#.......#
.......~~~...#....^^.#.......#
≈≈≈≈≈≈≈≈≈♣♣..'.^^.@.^#.......#
♣♣♣♣♣♣♣♣♣♣♣..#....^..#########
♣♣♣##'######* , ** ** * #..@+,
* ~ ~ ~ ,*, #.@.#, ~ * * ,
,#.(.# * #####, ~ ~* * , ,* * ~
* ,* , * ~ ~ * * * *


You could see Donald (fast, strong, reflecting).

Vanquished Creatures
  Erolcha (D)
  An orc high priest (D)
  A deep elf pyromancer (D)
  2 orc sorcerers (D)
  A queen bee (D)
  A shadow (D)
  3 wandering mushrooms (D)
  2 redbacks (D)
  A spatial vortex (D)
  An orc warrior (D)
  5 two-headed ogres (D)
  A necrophage (D)
  A water elemental (D)
  A scorpion (D)
  32 killer bees (D)
  A jelly (D)
  5 orc priests (D)
  A wizard (D)
  A necromancer (D)
  3 humans (D)
  A kobold demonologist (D)
  9 orcs (D)
  4 rats (D)
  A ballistomycete spore (D)
80 creatures vanquished.

Vanquished Creatures (others)
  A hydra (D)
  2 plants (D)
3 creatures vanquished.

Grand Total: 83 creatures vanquished

Notes
Turn   | Place    | Note
-------+----------+-------------------------------------------
     0 | D        | mhtbhm the Spriggan Brigand began the quest for the Orb.
     0 | D        | Reached XP level 1. HP: 10/10 MP: 2/2
    10 | D        | Reached skill level 6 in Stealth
    27 | D        | Reached skill level 7 in Stealth
    81 | D        | Reached skill level 9 in Stealth
    81 | D        | Reached XP level 2. HP: 15/15 MP: 3/3
   205 | D        | Noticed a scorpion
   208 | D        | Killed a scorpion
   209 | D        | Reached skill level 11 in Stealth
   209 | D        | Reached XP level 3. HP: 19/19 MP: 4/4
   209 | D        | Reached XP level 4. HP: 23/23 MP: 5/5
   233 | D        | Gained mutation: You have a beak for a mouth. [potion of
                  | mutation]
   234 | D        | Lost mutation: You have a beak for a mouth. [potion of
                  | mutation]
   234 | D        | Gained mutation: You have a pair of small antennae on your
                  | head. [potion of mutation]
   234 | D        | Gained mutation: You have hidden genetic potential. [potion
                  | of mutation]
   237 | D        | Noticed a water elemental
   239 | D        | Killed a water elemental
   240 | D        | Reached skill level 13 in Stealth
   240 | D        | Reached XP level 5. HP: 27/27 MP: 6/6
   250 | D        | Found a shadowy altar of Dithmenos.
   251 | D        | Found a basalt altar of Yredelemnul.
   251 | D        | Found a sacrificial altar of Ru.
   253 | D        | Reached skill level 14 in Stealth
   254 | D        | Reached skill level 15 in Stealth
   257 | D        | Became a worshipper of Dithmenos the Shadowed
   264 | D        | Gained mutation: You passively map a small area around you.
                  | [hidden potential]
   271 | D        | Found a radiant altar of Vehumet.
   272 | D        | Found a shimmering blue altar of Sif Muna.
   272 | D        | Found an ancient bone altar of Kikubaaqudgha.
   274 | D        | Reached skill level 5 in Short Blades
   276 | D        | Reached skill level 5 in Throwing
   276 | D        | Reached skill level 1 in Invocations
   288 | D        | Found a glowing silver altar of Zin.
   289 | D        | Found a glowing golden altar of the Shining One.
   289 | D        | Found a white marble altar of Elyvilon.
   289 | D        | Noticed a deep elf pyromancer
   291 | D        | Killed a deep elf pyromancer
   291 | D        | Reached * piety under Dithmenos
   292 | D        | Reached skill level 19 in Stealth
   292 | D        | Reached XP level 6. HP: 33/33 MP: 6/10
   292 | D        | Reached XP level 7. HP: 37/37 MP: 6/11
   292 | D        | Gained mutation: You have great hidden genetic potential.
                  | [hidden potential]
   292 | D        | Lost mutation: You have great hidden genetic potential.
                  | [hidden potential expressed]
   301 | D        | Found a hide-covered altar of Uskayaw.
   301 | D        | Found an iron altar of Okawaru.
   302 | D        | Found a bloodstained altar of Trog.
   302 | D        | Found an ornate altar of the Wu Jian Council.
   302 | D        | Noticed a human
   302 | D        | Noticed a human
   304 | D        | Killed a human
   305 | D        | Reached skill level 5 in Invocations
   305 | D        | Killed a human
   306 | D        | Reached skill level 20 in Stealth
   322 | D        | Noticed a shadow
   324 | D        | Killed a shadow
   324 | D        | Reached ** piety under Dithmenos
   325 | D        | Reached XP level 8. HP: 42/42 MP: 8/13
   330 | D        | Found a blossoming altar of Fedhas.
   330 | D        | Found a stormy altar of Qazlal.
   331 | D        | Found a snail-covered altar of Cheibriados.
   331 | D        | Found a burning altar of Makhleb.
   331 | D        | Found a hazy altar of Hepliaklqana.
   331 | D        | Found a shimmering altar of Xom.
   331 | D        | Found an opulent altar of Gozag.
   331 | D        | Found a sparkling altar of Nemelex Xobeh.
   331 | D        | Found a corrupted altar of Lugonu.
   331 | D        | Found a viscous altar of Jiyva.
   335 | D        | Reached skill level 21 in Stealth
   366 | D        | Gained mutation: You are covered in fur. (AC +1) [hidden
                  | potential]
   388 | D        | Reached *** piety under Dithmenos
   551 | D        | Noticed a two-headed ogre
   554 | D        | Killed a two-headed ogre
   555 | D        | Reached skill level 22 in Stealth
   558 | D        | Noticed a two-headed ogre
   558 | D        | Noticed Erolcha
   560 | D        | Killed Erolcha
   561 | D        | Reached skill level 23 in Stealth
   561 | D        | Reached skill level 1 in Evocations
   561 | D        | Reached XP level 9. HP: 46/46 MP: 13/15
   561 | D        | Killed a two-headed ogre
   561 | D        | Reached **** piety under Dithmenos
   570 | D        | Gained mutation: You have sharp toenails. [hidden
                  | potential]
   570 | D        | Lost mutation: You have hidden genetic potential. [hidden
                  | potential expressed]
   573 | D        | Reached skill level 5 in Fighting
   579 | D        | Noticed a wandering mushroom
   586 | D        | Noticed a wandering mushroom
   872 | D        | Reached skill level 24 in Stealth
  1356 | D        | Noticed a wandering mushroom
  1363 | D        | Killed a wandering mushroom
  1411 | D        | Noticed an orc high priest
  1412 | D        | Noticed an orc sorcerer
  1413 | D        | Noticed an orc sorcerer
  1416 | D        | Reached ***** piety under Dithmenos
  1416 | D        | Reached ****** piety under Dithmenos
  1416 | D        | Killed an orc sorcerer
  1416 | D        | Killed an orc sorcerer
  1416 | D        | Killed an orc high priest
  1417 | D        | Reached skill level 10 in Throwing
  1417 | D        | Reached skill level 25 in Stealth
  1417 | D        | Reached XP level 10. HP: 51/51 MP: 16/18
  1509 | D        | Found Relu Cum's Armour Emporium.
  1644 | D        | Reached skill level 10 in Invocations
  1645 | D        | Reached skill level 26 in Stealth
  1878 | D        | Killed a seven-headed hydra
  1922 | D        | Noticed Donald
  1922 | D        | Noticed Frances
  1924 | D        | Noticed an orange demon
  1925 | D        | Noticed a soul eater
  1925 | D        | Noticed a sun demon
  2001 | D        | HP: 1/53 [Donald/+1 war axe of holy wrath (34)]
  2087 | D        | HP: 1/53 [Donald/+1 war axe of holy wrath (4)]
  2090 | D        | Annihilated by Donald

Illustrated notes

Levels and vault maps discovered:
D:        dungeon_sprint_mu [sprint_mu_entry_cave, sprint_mu_temple_rooms,
          sprint_mu_d1_spiders, sprint_mu_d2_genie, sprint_mu_d3_branching,
          sprint_mu_orc_legion, sprint_mu_elf_gauntlet, sprint_mu_hive_nellie,
          sprint_mu_lair_fedhas, sprint_mu_vaults_butterflies,
          sprint_mu_slime_circle, sprint_mu_shoals_archi,
          sprint_mu_snake_twists, sprint_mu_blade_basic,
          sprint_mu_crypt_chambers, sprint_mu_tomb_spiral,
          sprint_mu_vestibule_basic, sprint_mu_gehenna_hellfire,
          sprint_mu_dis_giant, sprint_mu_tartarus_statrot,
          sprint_mu_cocytus_islands, sprint_mu_zot1]

Skill      XL: |  1  2  3  4  5  6  7  8  9 10 |
---------------+-------------------------------+-----
Stealth        | 9 11 13 19 20 23 25 26 | 26.5
Fighting       | 2 4 5 |  5.7
Short Blades   | 3 4 6 7 9 |  9.6
Throwing       | 3 4 6 8 10 | 10.7
Dodging        | 2 3 |  3.7
Invocations    | 4 5 7 9 10 | 10.7
Evocations     | 1 2 3 |  3.4

Action                   |  1- 3 |  4- 6 |  7- 9 | 10-12 || total
-------------------------+-------+-------+-------+-------++-------
Melee: Dagger            |    14 |     6 |    46 |    10 ||    76
       Kick              |       |       |    23 |       ||    23
       Punch             |       |       |     1 |       ||     1
Throw: Dart              |     8 |       |    26 |     9 ||    43
Invok: Shadow Step       |       |       |     1 |     2 ||     3
Evoke: Tin of tremorston |       |       |     3 |     4 ||     7
  Use: Potion            |       |     2 |       |     5 ||     7
       Scroll            |       |       |     2 |       ||     2
 Stab: Sleeping          |     4 |     6 |    12 |       ||    22
       Distracted        |       |       |       |     1 ||     1
Armor: Robe              |     1 |       |       |     2 ||     3
Dodge: Dodged            |     7 |       |    15 |    19 ||    41

Table legend: (Time is in decaauts)
 A = Elapsed time spent in this place.
 B = Non-inter-level travel time spent in this place.
 C = Inter-level travel time spent in this place.
 D = Time resting spent in this place.
 E = Time spent auto-exploring this place.
 F = Levels seen in this place.
 G = Mean time per level.
                   A        B        C        D        E       F      G
               +--------+--------+--------+--------+--------+-----+--------+
         Total |   1797 |   1797 |      0 |   1257 |      8 |   1 | 1797.0 |
       Dungeon |   1797 |   1797 |      0 |   1257 |      8 |   1 | 1797.0 |
               +--------+--------+--------+--------+--------+-----+--------+

Top non-repeatable levels by time:
       D: 1797 daAuts
